cohdb
Replays
Latest Replays
All Replays
Popular Replays
Top Player Replays
Match Explorer
How It Works
Community
CoH3 Stats
Reddit
Sign in to upload your games and track your stats! →
Sign in with Steam
Match 41458053
Unlisted
Match 41458053
Overview
Messages
Build Orders
End
250 Light Carrier
Panzergrenadier Squad
Kradschützen Motorcycle Team
Construct Light Support Kompanie
Fire Support Elements
Panzergrenadier Squad
Selects Panzerjäger Kommand Battlegroup
Selects Mine Fields
Selects Tank Busters
Combat Half-tracks
Panzerjäger Mechanized Group
le.IG 18 Support Gun Team
Flakvierling Half-track
2.5-tonne Medical Truck
Kradschützen Motorcycle Team
2.5-tonne Medical Truck
Construct Panzerarmee Kommand
MG34 Team
Selects Early Warning
Selects Butterfly Bomb Drop
Early Warning
Pak 38 Mechanized Group
Construct Panzerarmee Kommand
Early Warning
Selects Butterfly Bomb Drop
Selects Crew Shock Tactics
Butterfly Bomb Drop
Naveed #No2IRGC
Slim
SK4F6
Fhilly
Phillip Banks
Rum
Nazi Stomper
dres
0
0
Comments
sign in to comment!
No comments posted yet!